 Dungeon Crawl Stone Soup version 0.19-a0-1922-g1e9a4c1 (console) character file.

707 brucemayne the Cleaver (level 7, -5/58 HPs)
             Began as a Hill Orc Monk on Oct 24, 2016.
             Was a Believer of Makhleb.
             Slain by a centaur (7 damage)
             ... on level 6 of the Dungeon.
             The game lasted 00:07:05 (1460 turns).

brucemayne the Cleaver (Hill Orc Monk)              Turns: 1460, Time: 00:07:06

Health: -5/58      AC:  7    Str: 15 (16) XL:     7   Next: 67%
Magic:  7/7        EV: 10    Int:  7 (10) God:    Makhleb [**....]
Gold:   157        SH:  5    Dex: 12 (13) Spells: 0 memorised, 6 levels left

rFire  . . .     SeeInvis .     a - +0 hand axe
rCold  . . .     Gourm    .     p - +0 scale mail
rNeg   . . .     Faith    .     r - +0 buckler
rPois  .         Spirit   .     s - +0 helmet (curse)
rElec  .         Reflect  .     (no cloak)
rCorr  .         Harm     .     (no gloves)
MR     +....                    (no boots)
Stlth  ..........               (no amulet)
                                (no ring)
                                w - ring of protection from magic

@: very slightly contaminated, hasted, very quick
A: no striking features
a: Minor Destruction, Renounce Religion


You were on level 6 of the Dungeon.
You worshipped Makhleb.
Makhleb was pleased with you.
You were not hungry.

You visited 2 branches of the dungeon, and saw 7 of its levels.

You collected 157 gold pieces.

Inventory:

Hand Weapons
 a - a +0 hand axe (weapon)
 h - a +0 blowgun
Missiles
 m - 20 poisoned needles
 q - 6 javelins (quivered)
 B - a curare-tipped needle
Armour
 b - a +0 robe
 k - a +0 leather armour
 p - a +0 scale mail (worn)
 r - a +0 buckler (worn)
 s - a cursed +0 helmet (worn)
Jewellery
 w - a ring of protection from magic (left hand)
Scrolls
 e - 4 scrolls of identify {unknown}
 g - 2 scrolls of fog {unknown}
 j - a scroll of random uselessness {unknown}
 l - a scroll of immolation {unknown}
 t - a scroll of blinking {unknown}
 u - a scroll of teleportation {unknown}
 x - 3 scrolls of recharging {unknown}
 y - a scroll of magic mapping {unknown}
 C - a scroll of remove curse {unknown}
Potions
 D - a potion of lignification
Comestibles
 c - 2 bread rations
 d - a beef jerky
 v - a meat ration
 E - 4 chunks of flesh


   Skills:
 + Level 3.8 Fighting
 + Level 10.1 Axes
 - Level 2.4 Dodging
 - Level 1.5 Stealth
 - Level 3.8 Shields


You had 6 spell levels left.
You didn't know any spells.

Dungeon Overview and Level Annotations

Branches:
Dungeon (6/15)             Temple (1/1) D:5

Altars:
Gozag
Kikubaaqudgha
Makhleb
Nemelex Xobeh
Uskayaw

Annotations:
D:5 Raykoid666's ghost, amateur DsSk


Message History

You see here 4 arrows.
Unknown command.
You feel better.
You aren't carrying any items that you can evoke.
Unknown command.
The centaur shoots an arrow.
The arrow hits you.
* * * LOW HITPOINT WARNING * * *
You see here an arrow.
It was a potion of haste.
You feel yourself speed up.
You are very lightly contaminated with residual magic.
Okay, then.
Okay, then.
You aren't carrying any items that you can evoke.
Unknown command.
Okay, then.
You slash the centaur!
The centaur is moderately wounded.
The centaur unwields an uncursed shortbow.
The centaur hits you!
You die...

#...#....#
......#........###########
..#.#.#.#.#....#..........
.....#........###.#######
#...#..#.....#........<#
.........#..###########
#####...#...#..†..........
.c......#...#.############
#....<#@...........
....#.#.c.......##### # ..
#.#........... ...
#.##....#.###. ...
#.##.#..#.# .. #.##.#.>..#
. #.##.##.### #+##.# .#
#.# .#


You could see a centaur.

Vanquished Creatures
  Sigmund (D:4)
  Eustachio (D:3)
  A black bear (D:6)
  An ogre (D:4)
  A centaur (D:5)
  2 orc wizards
  Robin (D:3)
  3 adders
  An ooze (D:2)
  An adder skeleton (D:5)
  An adder zombie (D:6)
  A dart slug (D:1)
  3 orcs
  3 bats
  2 giant cockroaches (D:3)
  14 goblins
  7 hobgoblins
  6 jackals
  A quokka (D:3)
  A frilled lizard (D:2)
  4 rats
56 creatures vanquished.

Notes
Turn   | Place    | Note
-------+----------+-------------------------------------------
     0 | D:1      | brucemayne the Hill Orc Monk began the quest for the Orb.
     0 | D:1      | Reached XP level 1. HP: 19/19 MP: 1/1
    73 | D:2      | Reached XP level 2. HP: 26/26 MP: 2/2
   143 | D:1      | Reached skill level 5 in Axes
   237 | D:2      | Reached XP level 3. HP: 22/31 MP: 3/3
   393 | D:1      | Reached skill level 6 in Axes
   406 | D:3      | Noticed Robin
   456 | D:2      | Reached XP level 4. HP: 28/39 MP: 4/4
   569 | D:3      | Killed Robin
   616 | D:4      | Noticed Eustachio
   630 | D:3      | Reached skill level 1 in Shields
   794 | D:3      | Reached XP level 5. HP: 14/45 MP: 5/5
   895 | D:4      | Noticed an ogre
   945 | D:3      | Killed Eustachio
   945 | D:3      | Reached skill level 7 in Axes
   945 | D:3      | Reached XP level 6. HP: 11/51 MP: 6/6
  1016 | D:4      | Noticed Sigmund
  1017 | D:4      | Reached skill level 8 in Axes
  1128 | D:4      | Killed Sigmund
  1128 | D:4      | Reached skill level 9 in Axes
  1128 | D:4      | Reached XP level 7. HP: 30/57 MP: 7/7
  1163 | D:5      | Entered Level 5 of the Dungeon
  1252 | D:5      | Found a staircase to the Ecumenical Temple.
  1256 | Temple   | Entered the Ecumenical Temple
  1268 | Temple   | Became a worshipper of Makhleb the Destroyer
  1268 | Temple   | Reached * piety under Makhleb
  1268 | Temple   | Reached ** piety under Makhleb
  1398 | D:5      | Reached skill level 10 in Axes
  1436 | D:5      | Noticed Raykoid666's ghost (amateur DsSk)
  1440 | D:5      | HP: 2/58 [Raykoid666's ghost (4)]
  1451 | D:6      | HP: 1/58 [centaur/arrow (3)]
  1460 | D:6      | Slain by a centaur

Vault maps used:
D:1:      grunt_arrival_lava_bath, minmay_curled_crystal
D:3:      uniq_robin
D:4:      kennysheep_slug_shrine, first_bread, uniq_crazy_yiuf_cottage,
          uniq_sigmund, uniq_eustachio
D:6:      minmay_misc_feat_diagonals, hangedman_decor_lopped,
          grunt_ministairs_11, uniq_blork_the_orc
Temple:   regret_index_temple_chain_breaker

Skill      XL: |  1  2  3  4  5  6  7 |
---------------+----------------------+-----
Axes           | 5 6 7 9 10 | 10.1
Shields        | 1 3 |  3.8
Fighting       | |  3.8
Dodging        | |  2.4
Stealth        | |  1.5

Action                   |  1- 3 |  4- 6 |  7- 9 || total
-------------------------+-------+-------+-------++-------
Melee: Hand axe          |    74 |   126 |    37 ||   237
 Fire: Blowgun           |       |     7 |       ||     7
  Use: Potion            |       |     2 |     7 ||     9
  Eat: Pizza             |       |       |     1 ||     1
       Chunk             |       |       |     1 ||     1
Armor: Robe              |     8 |       |       ||     8
       Leather armour    |    14 |       |       ||    14
       Scale mail        |    15 |    66 |    19 ||   100
       Skin              |       |       |     5 ||     5
Dodge: Dodged            |    83 |    98 |    21 ||   202
Block: Buckler           |       |    23 |    14 ||    37
